AoeStats
← The Potato King

Golden Pit

503684490Analyzed
1v1 RM · 1mo ago on Sep 1, 2026· 33m 55s· 2 players
Game mode
Random Map
Map size
Tiny (2 player)
Population
200
Speed
Normal
Resources
Standard
Victory
Conquest
Starting age
Dark Age
Ending age
Imperial Age
RankedLock teamsTeams togetherTeam positionsShared explorationLock speedFull tech treeHidden civsTurbo modeCheats
Victory
Defeat
🇨🇴 Chinese · Colombia
1217
+17
🇬🇧 Turks · United Kingdom
1231
-17
alejomer
0:25 Loom
8:50 Feudal Age
15:17 Fletching
22:28 Castle Age
22:31 Crossbowman
23:28 Thumb Ring
23:35 Bodkin Arrow
27:45 Padded Archer Armor
28:56 Leather Archer Armor
28:05 Elite Skirmisher
32:09 Bloodlines
33:56 Ballistics
The Potato King
2:36 Loom
9:33 Feudal Age
10:08 Double-Bit Axe
13:46 Fletching
18:11 Horse Collar
21:56 Padded Archer Armor
25:19 Castle Age
25:22 Crossbowman
30:57 Bloodlines
32:56 Scale Barding Armor
Connection lost

Rejoining the realm…

Still unreachable

The connection could not be restored.

Session expired

The server has moved on; the page needs a fresh start.